 Dungeon Crawl Stone Soup version 0.30-a0-1116-gebefce21f7 (webtiles) character file.

Game seed: 12442484872260918533

290 sircluck the Chopper (level 6, -5/56 HPs)
             Began as a Hill Orc Fighter on Apr 21, 2023.
             Was an Initiate of Beogh.
             Killed from afar by an orc wizard (8 damage)
             ... with a magic dart
             ... on level 4 of the Dungeon.
             The game lasted 00:02:53 (1133 turns).

sircluck the Chopper (Hill Orc Fighter)             Turns: 1133, Time: 00:02:55

Health: -5/56      AC:  8    Str: 21    XL:     6   Next: 32%
Magic:  6/6        EV:  9    Int:  8    God:    Beogh [......]
Gold:   65         SH:  0    Dex: 10    Spells: 5/5 levels left

rFire   . . .      SeeInvis .    a - +0 war axe
rCold   . . .      Faith    .    c - +0 buckler
rNeg    . . .      Spirit   .    b - +0 scale mail
rPois   .          Reflect  .    (no helmet)
rElec   .          Rampage  .    j - +0 cloak
rCorr   .                        (no gloves)
Will    .....                    (no boots) Stlth
                                 (no amulet)
HPRegen 0.29/turn                i - ring of flight
MPRegen 0.10/turn                (no ring)

@: confused, flying
A: no striking features
a: Renounce Religion


You were on level 4 of the Dungeon.
You worshipped Beogh.
Beogh was noncommittal.
You visited 1 branch of the dungeon, and saw 4 of its levels.

You collected 65 gold pieces.

Inventory:

Hand Weapons
 a - a +0 war axe (weapon)
Missiles
 f - 18 stones (quivered)
Armour
 b - a +0 scale mail (worn)
 c - a +0 buckler (worn)
 j - a +0 cloak (worn)
Jewellery
 i - a ring of flight (left hand)
 l - a ring of protection from fire
Wands
 m - a wand of light (2)
Scrolls
 d - 2 scrolls of vulnerability {unknown}
 e - a scroll of magic mapping {unknown}
 g - 2 scrolls of enchant armour {unknown}
 h - 3 scrolls of identify {unknown}
Potions
 k - a potion of brilliance {unknown}


   Skills:
 + Level 5.1 Fighting
 + Level 5.7 Axes
 + Level 4.2 Armour
 + Level 1.0 Dodging
 + Level 0.1 Stealth
 + Level 4.1 Shields


You had 5 spell levels left.
You didn't know any spells.
Your spell library was empty.

Dungeon Overview and Level Annotations

Branches:
Dungeon (5/15)
 Temple: D:4-7

Altars:


Message History

You bump into the rock wall.
The orc wizard casts a spell at you.
You are more confused.
The orc priest hits you but does no damage.
The orc hits you but does no damage. The orc hits you with a +0 club.
You slash the orc!
You kill the orc!
Beogh accepts your kill.
You closely miss the orc. You miss the orc wizard. The orc barely misses you.
The orc wizard points at you and mumbles some strange words.
You resist with some effort.
The orc priest looks braver for a moment.
You bump into the rock wall.
The orc hits you with a +0 short sword.
* * * LOW HITPOINT WARNING * * *
The orc wizard hits you but does no damage.
The orc priest closely misses you.
Unknown command.
You bump into the rock wall.
The orc hits you with a +0 short sword.
* * * LOW HITPOINT WARNING * * *
The orc wizard hits you but does no damage.
The orc priest hits you from afar with a +0 trident.
* * * LOW HITPOINT WARNING * * *
Unknown command.
You bump into the rock wall.
The orc wizard casts a spell at you. You resist with some effort.
The orc closely misses you. The orc priest barely misses you.
You slash the orc!
You kill the orc!
Beogh accepts your kill.
You miss the orc wizard. The orc wizard casts a spell at you.
The magic dart hits you.
* * * LOW HITPOINT WARNING * * *
The orc priest hits you but does no damage.
You bump into the rock wall.
The orc wizard casts a spell at you. The magic dart hits you!
You die...
Beogh appreciates the orc wizard's killing of a heretic priest.

#......# ###.o.
#..........o...
#......##o...# .
#.......o).##.# .##
#...####.#... ..
###..##..#.# #.
#......#o.# #.##
..##..o))## #..##
#..##@## #######)#.
#...#
#.#######......... ..##
#.........#..<.##. ##
###.....##..#####.
##########.###..#.## ##
.......[..........####
.#########..#####....##
.................>.#
#######.#########.....


You could see an orc priest and an orc wizard.

Vanquished Creatures
  An orc warrior (D:4)
  A phantom (D:5)
  2 hounds (D:4)
  2 adders
  2 worms (D:2)
  5 orcs
  2 endoplasms
  A giant cockroach (D:5)
  2 goblins
  5 hobgoblins
  2 jackals (D:4)
  5 kobolds
  A quokka (D:4)
  A ball python (D:4)
  2 bats (D:1)
  A frilled lizard (D:1)
  3 rats (D:1)
38 creatures vanquished.

Vanquished Creatures (others)
  2 orcs (D:4)
  2 jackals (D:4)
4 creatures vanquished.

Grand Total: 42 creatures vanquished

Notes
Turn   | Place    | Note
-------+----------+-------------------------------------------
     0 | D:1      | sircluck the Hill Orc Fighter began the quest for the Orb.
     0 | D:1      | Reached XP level 1. HP: 19/19 MP: 1/1
   380 | D:1      | Reached XP level 2. HP: 27/27 MP: 2/2
   758 | D:2      | You are sucked into a shaft and drop 2 floors!
   783 | D:4      | Reached XP level 3. HP: 26/33 MP: 3/3
   785 | D:4      | Noticed an orc warrior
   788 | D:4      | Reached XP level 4. HP: 15/40 MP: 4/4
   791 | D:5      | Entered Level 5 of the Dungeon
   791 | D:5      | Noticed a phantom
   796 | D:5      | Killed a phantom
   797 | D:5      | Reached XP level 5. HP: 10/47 MP: 5/5
   951 | D:4      | Became a worshipper of Beogh the Brigand
  1035 | D:4      | Reached skill level 5 in Axes
  1123 | D:4      | Killed an orc warrior
  1124 | D:4      | Reached skill level 5 in Fighting
  1124 | D:4      | Reached skill level 1 in Dodging
  1124 | D:4      | Reached XP level 6. HP: 25/56 MP: 6/6
  1133 | D:4      | Killed from afar by an orc wizard

Illustrated notes

Levels and vault maps discovered:
D:1:      heliophobic_arrival_dark_side_of_the_moon, layout_loops_ring,
          minmay_stone_trees_small
D:2:      layout_loops_corners, minmay_fractal_squares_5, uniq_terence,
          uniq_natasha
D:4:      layout_rooms, serial_shops, shop
D:5:      layout_basic, zin_angel, dk_noncrumbling_3, uniq_duvessa

Skill      XL: |  1  2  3  4  5 |
---------------+----------------+-----
Fighting       | 4 5 |  5.1
Axes           | 3 4 5 |  5.7
Armour         | 4 |  4.2
Shields        | 4 |  4.1
Dodging        | 1 |  1.0
Stealth        | |  0.1

Action                     |  1- 3 |  4- 6 || total
---------------------------+-------+-------++-------
  Melee: War axe           |    58 |    37 ||    95
 Invoke: Convert to Beogh  |       |     1 ||     1
  Evoke: Wand              |       |     1 ||     1
    Use: Potion            |     1 |       ||     1
   Stab: Invisible         |       |     1 ||     1
 Armour: Scale mail        |    23 |    29 ||    52
  Dodge: Dodged            |    40 |    43 ||    83
  Block: Buckler           |    15 |    13 ||    28

Table legend: (Time is in decaauts)
 A = Elapsed time spent in this place.
 B = Non-inter-level travel time spent in this place.
 C = Inter-level travel time spent in this place.
 D = Time resting spent in this place.
 E = Time spent auto-exploring this place.
 F = Levels seen in this place.
 G = Mean time per level.
                   A        B        C        D        E       F      G
               +--------+--------+--------+--------+--------+-----+--------+
         Total |   1165 |   1123 |     42 |    135 |    721 |   4 |  291.2 |
       Dungeon |   1165 |   1123 |     42 |    135 |    721 |   4 |  291.2 |
               +--------+--------+--------+--------+--------+-----+--------+

Top non-repeatable levels by time:
     D:1: 685 daAuts
     D:4: 229 daAuts
     D:5: 159 daAuts
     D:2: 92 daAuts
